 Dungeon Crawl Stone Soup version 0.26.0-7-g794d0892b4 (webtiles) character file.

Game seed: 6223187028264269897

672 pokeman the Thaumaturge (level 7, -1/40 HPs)
             Began as a Deep Elf Hedge Wizard on Jan 10, 2021.
             Killed by divine providence
             ... invoked by an orc priest
              (12 damage)
             ... on level 5 of the Dungeon.
             The game lasted 00:09:36 (5251 turns).

pokeman the Thaumaturge (Deep Elf Hedge Wizard)     Turns: 5251, Time: 00:09:39

Health: -1/40      AC:  6    Str:  7    XL:     7   Next: 32%
Magic:  2/20       EV: 12    Int: 21    God:
Gold:   178        SH:  0    Dex: 14    Spells: 11/22 levels left

rFire    . . .     SeeInvis .   s - -3 hand axe (curse)
rCold    . . .     Faith    .   (no shield)
rNeg     . . .     Spirit   .   d - +0 leather armour
rPois    .         Reflect  .   z - +0 helmet
rElec    .         Harm     .   j - +1 cloak
rCorr    +         Rampage  .   (no gloves)
Will     .....                  (no boots)
Stlth    ++........             n - amulet of the acrobat
HPRegen  0.13/turn              l - ring of flight
MPRegen  0.17/turn              x - ring of resist corrosion

@: no status effects
A: no striking features
a: Evoke Flight


You were on level 5 of the Dungeon.
You visited 1 branch of the dungeon, and saw 5 of its levels.

You collected 178 gold pieces.

Inventory:

Hand Weapons
 p - a +4 quarterstaff of chaos
 s - a cursed -3 hand axe (weapon)
 y - a +2 dagger of venom
Missiles
 b - 15 arrows
 B - 14 bolts
Armour
 a - a +0 kite shield
 d - a +0 leather armour (worn)
 j - a +1 cloak (worn)
 z - a +0 helmet (worn)
Jewellery
 c - an uncursed amulet of faith
 l - a ring of flight (left hand)
 n - an amulet of the acrobat (around neck)
 x - a ring of resist corrosion (right hand)
Wands
 C - a wand of iceblast (11)
Scrolls
 e - a scroll of immolation {unknown}
 f - 2 scrolls of remove curse {unknown}
 g - 2 scrolls of fear {unknown}
 i - 8 scrolls of identify {unknown}
 k - a scroll of enchant armour {unknown}
 r - 2 scrolls of enchant weapon {unknown}
 u - a scroll of noise {unknown}
 w - a scroll of random uselessness {unknown}
 D - a scroll of fog {unknown}
 F - a scroll of teleportation {unknown}
Potions
 h - 2 potions of berserk rage {unknown}
 m - 2 potions of attraction {unknown}
 o - 2 potions of brilliance {unknown}
 q - a potion of cancellation {unknown}
 t - a potion of degeneration {unknown}
 v - 2 potions of mutation {unknown}
 A - a potion of might {unknown}
 E - a potion of resistance {unknown}
 G - a potion of flight {unknown}


   Skills:
 - Level 2.1 Fighting
 - Level 2.0 Armour
 - Level 3.0 Dodging
 + Level 2.8 Stealth
 - Level 1.0 Shields
 * Level 8.1 Spellcasting
 + Level 3.8 Conjurations
 - Level 1.1 Summonings
 - Level 1.1 Translocations
 - Level 1.0 Fire Magic
 + Level 0.7 Air Magic


You had 11 spell levels left.
You knew the following spells:

 Your Spells              Type           Power        Failure   Level
a - Magic Dart            Conj           96%          2%          1
b - Mephitic Cloud        Conj/Pois/Air  14%          19%         3
c - Call Imp              Summ           13%          11%         2
d - Blink                 Tloc           N/A          11%         2
e - Conjure Flame         Conj/Fire      18%          13%         3

Your spell library contained the following spells:

 Spells                   Type           Power        Failure   Level
 Slow                     Hex            8%           17%         2


Dungeon Overview and Level Annotations

Branches:
Dungeon (5/15)
 Temple: D:4-7

Altars:
Ashenzari
Dithmenos
Kikubaaqudgha


Message History

The orc priest appears confused.
The orc priest hits the worker ant with a +0 flail!
The worker ant is killed!
The orc priest hits itself with a +0 flail.
The orc priest is killed!
The ogre is engulfed in noxious fumes.
You kill the ogre!
Your Spellcasting skill increases to level 8!
The orc wizard gestures wildly while chanting.
The orc wizard seems to speed up.
The orc wizard gestures wildly while chanting.
The orc wizard blinks!
You completely miss the orc wizard.
The orc wizard is engulfed in blazing flames.
The orc wizard hits you but does no damage.
The orc wizard is engulfed in blazing flames.
You kill the orc wizard!
The orc priest mumbles some strange prayers to Beogh against you.
Beogh smites you!
You die...

..# #.# .. # #.###
.. # #.#..> ..
#.#.#..###### .##
#.#......o..... ..
.........Z### .#
#...#.##oo#.#####.#
.......o.{#..§o§@.#
.....####.#o#.)##.#
.........<..#).# ##
####.####.###B...
#.# #!..## #.#
#...# #.# #...# #.#
#.... #.#


You could see an orc priest and an orc.

Vanquished Creatures
  Sigmund (D:2)
  A phantom (D:4)
  2 ogres
  A scorpion (D:4)
  A hound (D:4)
  An orc priest (D:5)
  Crazy Yiuf (D:2)
  2 orc wizards (D:5)
  2 worker ants
  4 adders
  2 worms
  2 dart slugs
  3 leopard geckos
  2 orcs
  3 ball pythons
  5 giant cockroaches
  10 hobgoblins
  4 jackals (D:4)
  5 bats
  3 frilled lizards
  14 goblins
  8 kobolds
  5 rats
82 creatures vanquished.

Vanquished Creatures (collateral kills)
  Robin (D:3)
1 creature vanquished.

Vanquished Creatures (others)
  3 plants (D:3)
3 creatures vanquished.

Grand Total: 86 creatures vanquished

Notes
Turn   | Place    | Note
-------+----------+-------------------------------------------
     0 | D:1      | pokeman the Deep Elf Hedge Wizard began the quest for the
                  | Orb.
     0 | D:1      | Reached XP level 1. HP: 10/10 MP: 7/7
   242 | D:1      | Reached XP level 2. HP: 13/16 MP: 2/9
  1054 | D:2      | Reached skill level 5 in Spellcasting
  1187 | D:2      | Found a shadowy altar of Dithmenos.
  1222 | D:2      | Reached XP level 3. HP: 20/20 MP: 6/11
  1226 | D:2      | Learned a level 3 spell: Mephitic Cloud
  1229 | D:2      | Learned a level 2 spell: Call Imp
  1232 | D:2      | Learned a level 2 spell: Blink
  1236 | D:2      | Learned a level 3 spell: Conjure Flame
  1472 | D:2      | Noticed Sigmund
  1488 | D:2      | Killed Sigmund
  1489 | D:2      | Reached skill level 1 in Fighting
  1489 | D:2      | Reached skill level 1 in Armour
  1489 | D:2      | Reached skill level 6 in Spellcasting
  1489 | D:2      | Reached XP level 4. HP: 7/26 MP: 1/14
  1489 | D:2      | Reached XP level 5. HP: 8/30 MP: 1/15
  1800 | D:2      | Found a runed translucent door.
  1801 | D:2      | Noticed Crazy Yiuf
  1810 | D:2      | Killed Crazy Yiuf
  2818 | D:3      | Found a broken altar of Ashenzari.
  2818 | D:3      | Found an ancient bone altar of Kikubaaqudgha.
  2925 | D:3      | Noticed Robin
  2939 | D:3      | Reached XP level 6. HP: 35/35 MP: 8/17
  3295 | D:3      | Killed Robin
  3894 | D:4      | Reached skill level 7 in Spellcasting
  4562 | D:4      | Reached XP level 7. HP: 37/40 MP: 13/20
  4770 | D:4      | Reached skill level 1 in Shields
  4770 | D:4      | Reached skill level 1 in Fire Magic
  5203 | D:5      | Entered Level 5 of the Dungeon
  5248 | D:5      | Reached skill level 8 in Spellcasting
  5251 | D:5      | Killed from afar by an orc priest

Illustrated notes

Levels and vault maps discovered:
D:1:      nzn_arrival_water_spiral, layout_rooms
D:2:      layout_loops_ring, grunt_dithmenos_smoke, uniq_crazy_yiuf_cottage,
          uniq_sigmund
D:3:      layout_loops_cross, gammafunk_temple_overflow_elements, serial_forest,
          infiniplex_forest_corner_1, infiniplex_forest_split,
          infiniplex_forest_zigzag_1, infiniplex_forest_zigzag_1,
          infiniplex_forest_straight_4, infiniplex_forest_clump_curved,
          infiniplex_forest_straight_3, uniq_robin
D:4:      layout_basic
D:5:      layout_basic, basic_altar

Skill      XL: |  1  2  3  4  5  6  7 |
---------------+----------------------+-----
Spellcasting   | 5 6 7 8 |  8.1
Fighting       | 1 2 |  2.1
Armour         | 1 2 |  2.0
Conjurations   | 2 3 |  3.8
Dodging        | 3 |  3.0
Shields        | 1 |  1.0
Fire Magic     | 1 |  1.0
Stealth        | |  2.8
Summonings     | |  1.1
Translocations | |  1.1
Air Magic      | |  0.7

Action                   |  1- 3 |  4- 6 |  7- 9 || total
-------------------------+-------+-------+-------++-------
Melee: Whip              |     9 |     4 |       ||    13
       Hand axe          |       |    36 |     4 ||    40
 Cast: Magic Dart        |    71 |   143 |     9 ||   223
       Mephitic Cloud    |     1 |     1 |     5 ||     7
       Conjure Flame     |     1 |       |     2 ||     3
       Call Imp          |       |     3 |       ||     3
       Blink             |       |     1 |       ||     1
Armor: Leather armour    |     1 |    24 |     3 ||    28
Dodge: Dodged            |     9 |    60 |    13 ||    82
